 Dungeon Crawl Stone Soup version 0.18.1-8-gdd0e5ea (webtiles) character file.

10709 Hipnos the Geomancer (level 11, -1/96 HPs)
             Began as a Gargoyle Earth Elementalist on May 25, 2016.
             Was a Believer of Vehumet.
             Slain by a yak (6 damage)
             ... on level 10 of the Dungeon.
             The game lasted 00:46:27 (10169 turns).

Hipnos the Geomancer (Gargoyle Earth Elementalist) Turns: 10169, Time: 00:46:28

Health: -1/96      AC: 25    Str: 17      XL:     11   Next: 66%
Magic:  25/25      EV:  2    Int: 18 (19) God:    Vehumet [**....]
Gold:   494        SH:  4    Dex:  9 (10) Spells: 5 memorised, 15 levels left

rFire  . . .     SeeInvis .     N - +2 whip (flame)
rCold  . . .     Gourm    .     (armour currently unavailable)
rNeg   + + +     Faith    .     S - +0 buckler
rPois  ∞         Spirit   .     (helmet currently unavailable)
rElec  .         Dismiss  .     (cloak currently unavailable)
rCorr  .         Reflect  .     (gloves currently unavailable)
SustAt .         Harm     .     (boots currently unavailable)
MR     .....     NoTele   +     (no amulet)
Stlth  ++........               (no ring)
                                (no ring)

@: mighty, tree-form, fainting, not resistant to hostile enchantments,
unstealthy
A: blink, blurry vision 2, negative energy resistance 1, (electricity
resistance), (unbreathing), petrification resistance, rot immunity, AC +7
a: Blink, Renounce Religion


You were on level 10 of the Dungeon.
You worshipped Vehumet.
Vehumet was pleased with you.
You were fainting.
You were a tree.
You visited 2 branches of the dungeon, and saw 12 of its levels.

You collected 494 gold pieces.

Inventory:

Hand Weapons
 N - a +2 whip of flaming (weapon)
Missiles
 b - 209 stones (quivered)
Armour
 a - a +0 robe
 o - a +0 helmet
 q - a +0 pair of gloves (melded)
 C - the +0 robe of Bedevilment (melded) {rPois rC+ MP+9}
   (You found it on level 4 of the Dungeon)

   It protects you from cold.
   It protects you from poison.
   It affects your magic capacity (+9).
 E - the +2 robe "Haampe" {rPois Str+2 Slay+3}
   (You found it on level 5 of the Dungeon)

   It affects your strength (+2).
   It affects your accuracy and damage with ranged weapons and melee attacks
   (+3).
   It protects you from poison.
 H - a +1 hat of see invisible (melded)
 O - a +2 robe of cold resistance
 S - a +0 buckler (worn)
Jewellery
 m - an uncursed amulet of rage
 s - an uncursed amulet of the gourmand
 w - an uncursed amulet of guardian spirit
 F - a cursed ring of teleportation {unknown}
 J - an uncursed ring of protection from magic {unknown}
 K - an uncursed ring of flight {unknown}
 Q - an uncursed ring of stealth {unknown}
Wands
 x - a wand of lightning (10/15)
Scrolls
 g - a scroll of amnesia
 h - 2 scrolls of enchant armour
 j - a scroll of fog
 k - a scroll of immolation
 l - 4 scrolls of remove curse
 p - 2 scrolls of noise {unknown}
 y - 2 scrolls of magic mapping {unknown}
 D - a scroll of blinking {unknown}
 G - a scroll of recharging
 L - a scroll of random uselessness {unknown}
 R - a scroll of silence {unknown}
Potions
 r - 5 potions of flight
 u - a potion of mutation
 v - 2 potions of lignification
 A - 2 potions of degeneration
 B - a potion of curing
 I - a potion of agility
 P - a potion of cure mutation {unknown}
Books
 c - a book of Geomancy

   Spells                             Type                      Level
   a - Sandblast                      Earth                        1
   b - Passwall                       Transmutation/Earth          2
   c - Stone Arrow                    Conjuration/Earth            3
   d - Petrify                        Transmutation/Earth          4
   e - Lee's Rapid Deconstruction     Earth                        5
 t - a book of Conjurations

   Spells                             Type                      Level
   a - Magic Dart                     Conjuration                  1
   b - Searing Ray                    Conjuration                  2
   c - Dazzling Spray                 Conjuration/Hexes            3
   d - Fulminant Prism                Conjuration/Hexes            4
   e - Iskenderun's Mystic Blast      Conjuration                  4
   f - Iskenderun's Battlesphere      Conjuration/Charms           5
 M - a Fen Folio

   Spells                             Type                      Level
   a - Corpse Rot                     Necromancy                   2
   b - Stone Arrow                    Conjuration/Earth            3
   c - Leda's Liquefaction            Hexes/Earth                  4
   d - Summon Forest                  Summoning/Translocation      5
   e - Hydra Form                     Transmutation                6
   f - Summon Hydra                   Summoning                    7
Comestibles
 d - 6 bread rations
 f - a slice of pizza
 i - 6 fruits
 n - 7 meat rations


   Skills:
 - Level 6.0 Fighting
 - Level 5.5 Maces & Flails
 - Level 6.1 Armour
 - Level 4.9 Dodging
 - Level 2.2 Stealth
 + Level 4.8 Shields
 + Level 10.2 Spellcasting
 + Level 1.8 Conjurations
 + Level 1.0 Transmutations
 + Level 12.9 Earth Magic


You had 15 spell levels left.
You knew the following spells:

 Your Spells              Type           Power        Failure   Level  Hunger
a - Sandblast             Erth           ######       1%          1    None
b - Passwall              Trmt/Erth      ####......   1%          2    None
c - Stone Arrow           Conj/Erth      #####.       1%          3    None
d - Lee's Rapid Deconstr  Erth           ######....   1%          5    #####..
e - Petrify               Trmt/Erth      ####....     4%          4    ###....


Dungeon Overview and Level Annotations

Branches:
Dungeon (11/15)            Temple (1/1) D:7            Lair (0/8) D:9
    Orc: D:9-12

Altars:
Cheibriados
Dithmenos
Elyvilon
Fedhas
Gozag
Kikubaaqudgha
Makhleb
Nemelex Xobeh
Okawaru
Pakellas
Qazlal
Ru
Sif Muna
Trog
Vehumet
Yredelemnul
Zin
The Shining One
Beogh

Shops:
D:4 ?   D:5 :   D:9 :((


Innate Abilities, Weirdness & Mutations

You are resistant to torment.
((Your stone body is resilient (AC +7).))
You are immune to poison.
You resist negative energy.
((You are resistant to electric shocks.))
((You can survive without breathing.))
You are immune to petrification.
You are immune to rotting.
You can translocate small distances at will.
Scrolls take you longer to read.


Message History

You feel very mighty all of a sudden. The yak gores you but does no damage.
The howler monkey hits you but does no damage.
The howler monkey bites you but does no damage.
The hungry ghost hits you.
You feel slightly more hungry. The yak gores you.
* * * LOW HITPOINT WARNING * * *
You closely miss the hungry ghost.
The hungry ghost is moderately damaged.
The howler monkey hoots and howls with incredible vigour!
You block the yak's attack. The hungry ghost barely misses you.
You block the yak's attack.
You barely miss the hungry ghost.
The hungry ghost is moderately damaged.
The howler monkey hits you but does no damage.
The howler monkey bites you but does no damage.
You block the yak's attack.
You whack the hungry ghost! You burn the hungry ghost.
The hungry ghost is heavily damaged.
The yak gores you.
You die...

##.........########
#..........##......
#..........##§#####
#..............#
#..............#
#..)...........#
#C............#
#YY...........#
#♣hY..........#
#.W...........#
####.......#'##
..... ####.


You could see a hill giant, 2 yaks, a hungry ghost, an ice beast and a howler
monkey.

Vanquished Creatures
  Gastronok (D:8)
  Harold (D:10)
  An unseen horror (D:10)
  A hill giant (D:10)
  Pikel (D:7)
  Joseph (D:7)
  Prince Ribbit (D:5)
  Grinder (D:3)
  Sigmund (D:6)
  5 yaks
  A basilisk (D:9)
  2 hippogriffs
  Edmund (D:4)
  A water moccasin (D:11)
  The ghost of Hipnos the Digger, an amateur GrEE (D:4)
  A porcupine (D:9)
  An ice beast (D:9)
  A slave (D:7)
  A necrophage (D:10)
  8 ogres
  4 orc warriors
  2 sky beasts
  A wasp (D:8)
  8 centaurs
  5 crocodiles (D:9)
  Blork the orc (D:4)
  3 giant frogs
  2 scorpions
  2 howler monkeys
  2 crimson imps
  A centaur zombie (D:10)
  A giant frog zombie (D:5)
  5 jellies
  4 hounds
  An iron imp (D:5)
  A gnoll shaman (D:9)
  7 orc priests
  A giant frog skeleton (D:5)
  Jessica (D:3)
  A centaur skeleton (D:5)
  3 iguanas
  4 worker ants
  15 orc wizards
  Robin (D:4)
  A worker ant zombie (D:6)
  11 gnolls
  6 adders
  2 river rats (D:9)
  5 shadow imps
  An ooze (D:2)
  An adder skeleton (D:9)
  3 worms
  A dart slug (D:1)
  7 giant geckos
  37 orcs
  5 bats
  3 giant cockroaches
  11 goblins
  9 hobgoblins
  15 jackals
  4 kobolds
  12 quokkas
  A ball python (D:3)
  2 giant gecko skeletons
  5 giant newts
  A jackal skeleton (D:5)
  A quokka skeleton (D:5)
  5 rats
257 creatures vanquished.

Vanquished Creatures (others)
  A centaur (D:7)
  A slave (D:7)
  3 orc priests (D:7)
  A worker ant (D:7)
  An adder zombie (D:7)
  A jackal (D:7)
  2 plants (D:9)
10 creatures vanquished.

Grand Total: 267 creatures vanquished

Notes
Turn   | Place    | Note
--------------------------------------------------------------
     0 | D:1      | Hipnos the Gargoyle Earth Elementalist began the quest for the Orb.
     0 | D:1      | Reached XP level 1. HP: 10/10 MP: 3/3
   116 | D:1      | Reached skill level 4 in Earth Magic
   116 | D:1      | Reached XP level 2. HP: 14/15 MP: 1/5
  1062 | D:1      | Found a white marble altar of Elyvilon.
  1117 | D:2      | Reached XP level 3. HP: 17/19 MP: 3/6
  1118 | D:2      | Found a faded altar to an unknown god.
  1707 | D:2      | Reached skill level 5 in Earth Magic
  1707 | D:2      | Reached XP level 4. HP: 20/24 MP: 3/8
  1721 | D:2      | Reached skill level 5 in Spellcasting
  1721 | D:2      | Reached skill level 7 in Earth Magic
  1721 | D:2      | Reached XP level 5. HP: 7/34 MP: 2/12
  1722 | D:2      | Reached skill level 5 in Maces & Flails
  1722 | D:2      | Reached skill level 8 in Earth Magic
  1722 | D:2      | Reached XP level 6. HP: 8/41 MP: 2/14
  1967 | D:3      | Learned a level 2 spell: Passwall
  1971 | D:3      | Learned a level 3 spell: Stone Arrow
  1977 | D:3      | Learned a level 5 spell: Lee's Rapid Deconstruction
  1982 | D:3      | Learned a level 4 spell: Petrify
  2055 | D:2      | Found a basalt altar of Yredelemnul.
  2069 | D:3      | Noticed Grinder
  2073 | D:3      | Paralysed by Grinder for 6 turns
  2080 | D:3      | Killed Grinder
  2080 | D:3      | Reached XP level 7. HP: 28/46 MP: 10/16
  2451 | D:3      | Found a bloodstained altar of Trog.
  2453 | D:3      | Noticed Jessica
  2458 | D:3      | Killed Jessica
  2637 | D:4      | Noticed Robin
  2658 | D:4      | Killed Robin
  2767 | D:4      | Noticed Hipnos's ghost (amateur GrEE)
  2774 | D:4      | Killed Hipnos's ghost
  2871 | D:4      | Got a ripped robe
  2882 | D:4      | Identified the +0 robe of Bedevilment {rPois rC+ MP+9} (You found it on level 4 of the Dungeon)
  3077 | D:4      | Noticed Edmund
  3095 | D:4      | Killed Edmund
  3095 | D:4      | Reached skill level 9 in Earth Magic
  3095 | D:4      | Reached XP level 8. HP: 20/51 MP: 14/17
  3438 | D:4      | Found Kaosu's Magic Scroll Boutique.
  3507 | D:4      | Noticed Blork the orc
  3518 | D:4      | Killed Blork the orc
  3864 | D:4      | Found a shadowy altar of Dithmenos.
  3933 | D:5      | Entered Level 5 of the Dungeon
  3940 | D:5      | Got a twisted robe
  3970 | D:5      | Identified the +2 robe "Haampe" {rPois Str+2 Slay+3} (You found it on level 5 of the Dungeon)
  4140 | D:5      | Noticed Prince Ribbit
  4197 | D:5      | Found Meneoj's Book Shoppe.
  4236 | D:5      | Killed Prince Ribbit
  4260 | D:5      | Found a snail-covered altar of Cheibriados.
  4374 | D:5      | Reached XP level 9. HP: 55/55 MP: 19/19
  4720 | D:6      | Found a shadowy altar of Dithmenos.
  4854 | D:6      | Noticed Sigmund
  4859 | D:6      | Killed Sigmund
  5095 | D:6      | Reached skill level 10 in Earth Magic
  5394 | D:6      | Found a blossoming altar of Fedhas.
  5395 | D:6      | Found a sparkling altar of Nemelex Xobeh.
  5627 | D:7      | Noticed Pikel
  5646 | D:7      | Killed Pikel
  5646 | D:7      | Reached XP level 10. HP: 8/60 MP: 15/22
  6061 | D:7      | Found an oddly glowing altar of Pakellas.
  6078 | D:7      | Found a glowing silver altar of Zin.
  6078 | D:7      | Found a white marble altar of Elyvilon.
  6086 | D:7      | Found a glowing golden altar of the Shining One.
  6114 | D:7      | Found a staircase to the Ecumenical Temple.
  6181 | Temple   | Entered the Ecumenical Temple
  6232 | Temple   | Became a worshipper of Vehumet
  6358 | D:7      | Noticed Joseph
  6383 | D:7      | Killed Joseph
  6890 | D:7      | Found a roughly hewn altar of Beogh.
  7091 | D:8      | Reached skill level 11 in Earth Magic
  7569 | D:8      | Noticed Gastronok
  7734 | D:8      | Killed Gastronok
  7925 | D:8      | Found a deep blue altar of Sif Muna.
  7945 | D:8      | Reached XP level 11. HP: 36/64 MP: 24/24
  7992 | D:8      | Reached * piety under Vehumet
  7992 | D:8      | Offered knowledge of Shock by Vehumet.
  8435 | D:9      | Found Deffeqacve's Antique Weapon Shop.
  8508 | D:9      | Found Nobiug's Antique Weapon Shop.
  8648 | D:9      | Reached skill level 1 in Conjurations
  8691 | D:9      | Reached skill level 12 in Earth Magic
  8700 | D:9      | HP: 1/96 [yak (5)]
  8705 | D:9      | Gained mutation: Scrolls take you a little longer to read. [potion of mutation]
  8705 | D:9      | Gained mutation: Scrolls take you longer to read. [potion of mutation]
  8705 | D:9      | Gained mutation: You can translocate small distances at will. [potion of mutation]
  8714 | D:9      | Reached ** piety under Vehumet
  8714 | D:9      | Offered knowledge of Flame Tongue by Vehumet.
  8761 | D:9      | Found a staircase to the Lair.
  9122 | D:9      | Found Hirej's Book Shoppe.
  9396 | D:10     | Entered Level 10 of the Dungeon
  9436 | D:10     | Noticed an unseen horror
  9447 | D:10     | Killed an unseen horror
  9654 | D:10     | Noticed Harold
  9954 | D:10     | Noticed a hill giant
  9969 | D:10     | Killed Harold
  9969 | D:10     | Reached skill level 10 in Spellcasting
  9969 | D:10     | Reached skill level 1 in Transmutations
  9970 | D:10     | Killed a hill giant
 10100 | D:10     | Noticed a hill giant
 10142 | D:10     | Offered knowledge of Throw Flame by Vehumet.
 10166 | D:10     | HP: 4/96 [yak (2)]
 10169 | D:10     | Slain by a yak

Skill      XL: |  1  2  3  4  5  6  7  8  9 10 11 |
---------------+----------------------------------+-----
Earth Magic    | 4 5 7 8 9 10 11 12 | 12.9
Fighting       | 4 6 |  6.0
Maces & Flails | 4 5 |  5.5
Armour         | 4 6 |  6.1
Dodging        | 4 |  4.9
Spellcasting   | 5 6 7 8 9 10 | 10.2
Shields        | 4 |  4.8
Conjurations   | 1 |  1.8
Transmutations | 1 |  1.0
Stealth        | |  2.2

Action                   |  1- 3 |  4- 6 |  7- 9 | 10-12 || total
-------------------------+-------+-------+-------+-------++-------
Melee: Whip              |    21 |    41 |       |   233 ||   295
 Cast: Sandblast         |    72 |    21 |   208 |   212 ||   513
       Stone Arrow       |       |       |    13 |    33 ||    46
       Lee's Rapid Decon |       |       |     1 |    36 ||    37
       Petrify           |       |       |       |     6 ||     6
 Abil: Blink             |       |       |       |     1 ||     1
  Use: Potion            |       |     4 |     3 |    15 ||    22
       Scroll            |       |     4 |       |     5 ||     9
 Stab: Distracted        |     1 |       |       |       ||     1
       Sleeping          |       |       |       |     1 ||     1
  Eat: Chunk             |     3 |     2 |    21 |     8 ||    34
       Meat ration       |       |       |       |     1 ||     1
Armor: Robe              |    22 |    12 |    51 |   134 ||   219
       Skin              |       |       |       |    97 ||    97
Dodge: Dodged            |    66 |    33 |    82 |   229 ||   410
Block: Buckler           |       |       |       |    11 ||    11
